 Seeded DCSS version 0.30-a0-394-g3e4acdb0ae (webtiles) character file.

Game seed: 20221206 (custom seed)

2056 Nerdsrcool the Ducker (level 9, -2/50 (85) HPs)
             Began as a Troll Berserker on Dec 6, 2022.
             Was an Elder of Trog.
             Slain by Duvessa
             ... wielding a +0 short sword
              (15 damage)
             ... on level 7 of the Dungeon.
             The game lasted 00:21:48 (5544 turns).

Nerdsrcool the Ducker (Troll Berserker)             Turns: 5544, Time: 00:21:48

HP:   -2/50 (85)    AC:  7    Str: 29    XL:     9   Next: 5%
MP:   8/8           EV:  8    Int:  3    God:    Trog [****..]
Gold: 129           SH: 14    Dex: 11    Spells: 8/8 levels left

rFire   . . .      SeeInvis .    b - +0 mace
rCold   . . .      Faith    .    m - +1 tower shield
rNeg    . . .      Spirit   .    a - +0 animal skin
rPois   +          Reflect  .    (helmet restricted)
rElec   .          Harm     .    B - +2 cloak {rCorr}
rCorr   +          Rampage  .    (gloves unavailable)
Will    .....                    (boots unavailable)
Stlth   +.........               o - amulet of regeneration
HPRegen 1.88/turn                A - ring of poison resistance
MPRegen 0.11/turn                (no ring)

@: lit by a corona, glowing, very heavily drained
A: large, unfitting armour, claws 3, regeneration 1, shaggy fur 1, tough skin 1
a: Renounce Religion, Berserk, Trog's Hand, Brothers in Arms


You were on level 7 of the Dungeon.
You worshipped Trog.
Trog was greatly pleased with you.
You visited 1 branch of the dungeon, and saw 8 of its levels.

You collected 430 gold pieces.
You spent 301 gold pieces at shops.

Inventory:

Hand Weapons
 b - a +0 mace (weapon)
 f - a +3 great sword
 j - a +2 sling of flaming
 u - a +0 whip of pain
 D - a +4 quarterstaff of chaos
 E - a +2 falchion
 F - a +3 dire flail
Missiles
 r - 10 poisoned darts (quivered)
Armour
 a - a +0 animal skin (worn)
 m - a +1 tower shield (worn)
 p - a +2 scale mail of fire resistance
 y - a +2 buckler
 z - a +0 pair of boots
 B - a +2 cloak of preservation (worn)
Jewellery
 o - an amulet of regeneration (around neck)
 w - an amulet of faith
 A - a ring of poison resistance (left claw)
Scrolls
 e - a scroll of immolation
 g - a scroll of silence
 t - a scroll of vulnerability {unknown}
 v - 3 scrolls of teleportation
 C - a scroll of noise {unknown}
Potions
 c - 3 potions of flight
 i - 2 potions of degeneration
 k - 2 potions of berserk rage {unknown}
 l - a potion of curing {unknown}
 n - a potion of attraction {unknown}
 s - 2 potions of haste {unknown}
 x - a potion of mutation {unknown}


   Skills:
 + Level 4.3 Fighting
 + Level 0.5 Long Blades
 + Level 5.8 Maces & Flails
 + Level 0.1 Throwing
 + Level 5.8 Dodging
 + Level 0.3 Stealth
 + Level 5.0 Shields
 + Level 3.4 Unarmed Combat


You had 8 spell levels left.
You didn't know any spells.
Your spell library contained the following spells:

 Spells                   Type           Power      Damage    Failure   Level
 Beastly Appendage        Tmut           0%         N/A       98%         1
 Wereblood                Tmut           0%         N/A       99%         2
 Spider Form              Tmut/Pois      0%         N/A       100%        3


Dungeon Overview and Level Annotations

Branches:
Dungeon (8/15)             Temple (0/1) D:7
   Lair: D:8-11

Altars:
Sif Muna
Wu Jian
Xom
The Shining One

Shops:
D:4 [   D:7 *

Annotations:
D:7 Dowan, Duvessa


Innate Abilities, Weirdness & Mutations

You are too large for most types of armour.
You have claws for hands.
Your natural rate of healing is unusually fast.
You are covered in fur. (AC +1)
You have tough skin. (AC +1)


Message History

You see here a +0 quarterstaff.
There is a stone staircase leading up here.
You can't go down here!
You climb upwards.
Duvessa shouts!
Duvessa gestures with her weapon.
There is a stone staircase leading down here.
As you read the scroll of identify, it crumbles to dust.
i - 2 potions of degeneration
Found a staircase to the Ecumenical Temple.
Duvessa drinks a potion.
Duvessa seems to grow stronger.
Duvessa hits you but does no damage.
You hit Duvessa but do no damage. Duvessa hits you with a +0 short sword!
You closely miss Duvessa. You block Duvessa's attack.
You barely miss Duvessa.
Dowan, Brother of Duvessa comes into view.
He is wielding a +0 dagger.
Duvessa hits you but does no damage. You block Duvessa's attack.
You barely miss Duvessa. You block Duvessa's attack.
You hit Duvessa but do no damage. You block Duvessa's attack. x2
You hit Duvessa but do no damage. You block Duvessa's attack.
You hit Duvessa.
Duvessa is lightly wounded.
Dowan points at you and mumbles some strange words.
You are outlined in light.
Duvessa hits you with a +0 short sword.
You barely miss Duvessa.
Duvessa is lightly wounded.
You block Duvessa's attack.
Duvessa says, "I don't care about looks, I care about technique!"
Duvessa hits you with a +0 short sword! Dowan gestures at you while chanting.
The puff of flame hits you.
You thump Dowan!
Dowan is heavily wounded.
You block Dowan's attack. Duvessa hits you with a +0 short sword!
You barely miss Dowan.
Dowan is heavily wounded.
Dowan hits you but does no damage. Duvessa hits you with a +0 short sword!
* * * LOW HITPOINT WARNING * * *
You block Dowan's attack. Duvessa hits you with a +0 short sword!
You die...

# .## ..... # ..# ...#.#
# #.###..#.#. #
##.....#.#.# #
#.......#.>. # #..#
#......#.#.# #....#
##.>.....#.#. #.....$
#.........#.# ##.......
#....@.......
...............e.e......
........................
...........#..#.........
..............##........
...o.........# #........
...o......... #.#######
............ #.#
.........


You could see Duvessa (strong) and Dowan.

Vanquished Creatures
  Sigmund (D:5)
  A water moccasin (D:6)
  A sky beast (D:6)
  A centaur (D:6)
  2 phantoms
  Blork the orc (D:5)
  2 bullfrogs (D:6)
  3 scorpions
  8 wights
  A centaur zombie (D:7)
  Crazy Yiuf (D:5)
  An orc priest (D:7)
  A gnoll bouda (D:4)
  A hound (D:6)
  2 jellies (D:6)
  An iguana (D:4)
  Natasha (thrice) (D:4)
  2 orc wizards (D:7)
  4 gnolls
  8 adders
  An ufetubus (D:6)
  2 worms
  3 dart slugs
  4 orcs
  12 ball pythons
  5 endoplasms
  2 giant cockroaches
  6 hobgoblins
  13 jackals
  10 kobolds
  5 quokkas
  5 bats
  3 frilled lizards
  10 goblins
  7 rats
133 creatures vanquished.

Vanquished Creatures (others)
  Eustachio (D:4)
1 creature vanquished.

Grand Total: 134 creatures vanquished

Notes
Turn   | Place    | Note
-------+----------+-------------------------------------------
     0 | D:1      | Nerdsrcool the Troll Berserker began the quest for the Orb.
     0 | D:1      | Reached XP level 1. HP: 22/22 MP: 0/0
   118 | D:1      | Reached XP level 2. HP: 11/29 MP: 1/1
   244 | D:1      | Found a faded altar of an unknown god.
   347 | D:1      | Reached ** piety under Trog
   380 | D:1      | Reached XP level 3. HP: 36/36 MP: 2/2
   901 | D:2      | Reached skill level 1 in Maces & Flails
  1465 | D:3      | Reached XP level 4. HP: 40/44 MP: 3/3
  1584 | D:3      | Reached *** piety under Trog
  1614 | D:3      | Reached skill level 1 in Shields
  2095 | D:4      | Noticed a phantom
  2095 | D:4      | Found a shimmering altar of Xom.
  2169 | D:4      | Killed a phantom
  2170 | D:4      | Reached XP level 5. HP: 32/52 MP: 4/4
  2351 | D:4      | Noticed Eustachio
  2377 | D:4      | Killed Eustachio
  2378 | D:4      | Reached XP level 6. HP: 31/61 MP: 5/5
  2397 | D:4      | Noticed Natasha
  2404 | D:4      | Killed Natasha
  2596 | D:4      | Found Zatithria's Armour Shoppe.
  2649 | D:4      | Noticed Natasha
  2664 | D:4      | Killed Natasha
  2875 | D:4      | Noticed Natasha
  2882 | D:4      | Killed Natasha
  3162 | D:4      | Bought a +2 cloak of preservation for 301 gold pieces
  3216 | D:5      | Entered Level 5 of the Dungeon
  3337 | D:5      | Noticed Sigmund
  3352 | D:5      | Killed Sigmund
  3352 | D:5      | Reached **** piety under Trog
  3353 | D:5      | Reached XP level 7. HP: 55/67 MP: 6/6
  3517 | D:5      | Found a runed translucent door.
  3518 | D:5      | Noticed Crazy Yiuf
  3810 | D:5      | Found a shimmering blue altar of Sif Muna.
  3875 | D:5      | Noticed Blork the orc
  3891 | D:5      | Killed Blork the orc
  4000 | D:5      | Killed Crazy Yiuf
  4267 | D:6      | Reached XP level 8. HP: 77/78 MP: 7/7
  4708 | D:6      | Reached skill level 5 in Maces & Flails
  4711 | D:6      | Reached skill level 5 in Dodging
  4765 | D:6      | Found a glowing golden altar of the Shining One.
  4766 | D:6      | Found an ornate altar of the Wu Jian Council.
  5310 | D:7      | Found Hifoipsypse's Humungous Hoard.
  5387 | D:7      | Reached skill level 5 in Shields
  5476 | D:7      | Reached XP level 9. HP: 39/54 MP: 8/8
  5531 | D:7      | Noticed Duvessa
  5533 | D:7      | Found a staircase to the Ecumenical Temple.
  5537 | D:7      | Noticed Dowan
  5544 | D:7      | Slain by Duvessa

Illustrated notes

Levels and vault maps discovered:
D:1:      dpeg_arrival_castle, layout_rooms, basic_ecumenical_altar,
          wander_ebering_terrifying_dragon_lair
D:2:      layout_loops_ring
D:3:      layout_loops_cross
D:4:      layout_basic, xom_confusion_cloud, serial_shops,
          nicolae_shop_hallway_plus, uniq_eustachio, uniq_natasha
D:5:      layout_gridville, lemuel_doored_altar, uniq_sigmund,
          uniq_crazy_yiuf_cottage, uniq_blork_the_orc
D:6:      layout_cave_pods, gammafunk_temple_overflow_statue
D:7:      cheibrodos_quashed, layout_cave_pods, minmay_temple_entry_grid,
          serial_undead, serial_undead_d, serial_undead_f, serial_undead_b,
          serial_undead_b, minivault_5, ebering_dispersal_statue_hall,
          nicolae_alphabet_shops, mrwooster_statue_mirror, uniq_joseph,
          uniq_duvessa
D:8:      layout_cave_pods, uniq_erica

Skill      XL: |  1  2  3  4  5  6  7  8 |
---------------+-------------------------+-----
Maces & Flails | 1 2 3 4 5 |  5.8
Dodging        | 3 4 5 |  5.8
Shields        | 1 2 3 4 5 |  5.0
Fighting       | 3 4 |  4.3
Long Blades    | |  0.5
Throwing       | |  0.1
Stealth        | |  0.3
Unarmed Combat | |  3.4

Action                   |  1- 3 |  4- 6 |  7- 9 || total
-------------------------+-------+-------+-------++-------
Melee: Mace              |   180 |   253 |   282 ||   715
       Punch             |     1 |       |       ||     1
       Falchion          |       |       |    41 ||    41
Throw: Dart              |       |     4 |     3 ||     7
       Throwing net      |       |       |     1 ||     1
  Use: Scroll            |       |       |    11 ||    11
       Potion            |       |       |     4 ||     4
 Stab: Sleeping          |     2 |       |       ||     2
Armor: Animal skin       |   133 |   126 |   143 ||   402
Dodge: Dodged            |   164 |   136 |   121 ||   421
Block: Tower shield      |    45 |   217 |   290 ||   552

Table legend: (Time is in decaauts)
 A = Elapsed time spent in this place.
 B = Non-inter-level travel time spent in this place.
 C = Inter-level travel time spent in this place.
 D = Time resting spent in this place.
 E = Time spent auto-exploring this place.
 F = Levels seen in this place.
 G = Mean time per level.
                   A        B        C        D        E       F      G
               +--------+--------+--------+--------+--------+-----+--------+
         Total |   5960 |   5697 |    263 |    166 |   3296 |   8 |  745.0 |
       Dungeon |   5960 |   5697 |    263 |    166 |   3296 |   8 |  745.0 |
               +--------+--------+--------+--------+--------+-----+--------+

Top non-repeatable levels by time:
     D:4: 1296 daAuts
     D:6: 1046 daAuts
     D:5: 1025 daAuts
     D:1: 800 daAuts
     D:2: 721 daAuts
     D:3: 715 daAuts
     D:7: 330 daAuts
     D:8: 24 daAuts
